 Dungeon Crawl Stone Soup version 0.24-a0-618-ge4662a2d14 (webtiles) character file.

Game seed: 13796758920272283729, levelgen mode: deterministic

12362 DasRunzen the Blocker (level 11, -19/100 HPs)
             Began as a Minotaur Fighter on Sept 16, 2019.
             Was a High Priest of Okawaru.
             Demolished by a minotaur
             ... wielding the cursed +0 great sword of the Purple Skies {slice, rPois}
              (20 damage)
             ... in a Gauntlet.
             The game lasted 00:20:30 (8707 turns).

DasRunzen the Blocker (Minotaur Fighter)            Turns: 8707, Time: 00:20:30

Health: -19/100    AC: 18    Str: 26    XL:     11   Next: 61%
Magic:  23/23      EV:  7    Int: 10    God:    Okawaru [*****.]
Gold:   727        SH:  9    Dex: 16    Spells: 10/10 levels left

rFire    + . .     SeeInvis .   J - +12 Vampire's Tooth {vamp}
rCold    . . .     Gourm    .   y - +2 buckler of Indomitability {-Cast Dex+3}
rNeg     . . .     Faith    .   B - +0 plate armour
rPois    .         Spirit   .   (helmet restricted)
rElec    .         Reflect  .   (no cloak)
rCorr    .         Harm     +   (no gloves)
MR       +....     NoTele   +   L - +2 pair of boots "Atichadu" {MR+ Int+3} Stlth ..........NoCast +
                                e - amulet of harm
HPRegen  0.26/turn              x - ring of magical power
MPRegen  0.18/turn              n - ring of protection from fire

@: mighty, starving, studying Staves
A: retaliatory headbutt, horns 2, clever 1, mutation resistance 1
a: Heroism, Finesse, Renounce Religion


You were in a Gauntlet.
You worshipped Okawaru.
Okawaru was extremely pleased with you.
You were starving.

You visited 1 branch of the dungeon, and saw 11 of its levels.
You also visited: Gauntlet.

You collected 727 gold pieces.

Inventory:

Hand Weapons
 a - a +0 war axe
 u - a +9 flail of freezing
 J - the +12 Vampire's Tooth (weapon) {vamp}
   (You found it on level 10 of the Dungeon)

   It inflicts no extra harm, but heals its wielder when it wounds a living foe.
Armour
 c - a +0 shield
 y - the +2 buckler of Indomitability (worn) {-Cast Dex+3}
   (You acquired it on level 6 of the Dungeon)

   It affects your dexterity (+3).
   It prevents spellcasting.
 B - a +0 plate armour (worn)
 L - the +2 pair of boots "Atichadu" (worn) {MR+ Int+3}
   (You found it in a Gauntlet)

   It affects your intelligence (+3).
   It affects your resistance to hostile enchantments.
Jewellery
 e - an amulet of harm (around neck)
 l - a +2 ring of intelligence
 n - a ring of protection from fire (right hand)
 r - an uncursed ring of wizardry
 t - an uncursed ring of positive energy
 x - a ring of magical power (left hand)
Wands
 b - a wand of acid (6)
 g - a wand of random effects (12)
 z - a wand of flame (21)
 C - a wand of paralysis (10)
 D - a wand of polymorph (12)
 I - a wand of disintegration (13)
Scrolls
 j - 4 scrolls of teleportation
 k - 4 scrolls of remove curse
 o - 5 scrolls of fog
 q - 3 scrolls of magic mapping
 A - a scroll of blinking
 F - a scroll of fear
 K - a scroll of identify
Potions
 d - 3 potions of might
 i - a potion of flight
 m - 4 potions of curing
 p - 3 potions of haste
 s - a potion of resistance
 v - 3 potions of invisibility
 w - 3 potions of lignification
 E - a potion of magic
 G - a potion of brilliance
 H - a potion of agility
Books
 h - a manual of Staves
Comestibles
 f - 19 rations


   Skills:
 + Level 10.3 Fighting
 + Level 2.8 Short Blades
 - Level 9.4(10.7) Axes
 - Level 8.2(10.1) Maces & Flails
 + Level 10.4 Armour
 + Level 10.4 Shields
 + Level 6.2 Invocations


You had 10 spell levels left.
You didn't know any spells.
Your spell library contained the following spells:

 Spells                   Type           Power        Failure   Level  Hunger
 Confusing Touch          Hex            #.....       98%         1    ##.....
 Confuse                  Hex            #.......     100%        3    ####...
 Gell's Gravitas          Tloc           #.........   100%        3    ####...
 Petrify                  Tmut/Erth      #.......     100%        4    #####..
 Metabolic Englaciation   Hex/Ice        #.........   100%        5    ######.
 Yara's Violent Unravell  Hex/Tmut       #.........   100%        5    ######.


Dungeon Overview and Level Annotations

Branches:
Dungeon (11/15)            Temple (0/1) D:6             Orc (0/2) D:9
Gauntlet (1/1)
   Lair: D:8-11

Altars:
Cheibriados
Elyvilon
Fedhas
Hepliaklqana
Okawaru
Qazlal
Ru
Sif Muna
Trog
Uskayaw
Wu Jian
Yredelemnul
Zin
The Shining One

Annotations:
Gauntlet 6 transporters, 5 runed translucent doors


Innate Abilities, Weirdness & Mutations

You reflexively headbutt those who attack you in melee.
You have a pair of horns on your head.
Your mind is acute. (Int +2)
You are somewhat resistant to further mutation.


Message History

The minotaur is moderately wounded.
Your plate armour prevents you from hitting the minotaur.
The minotaur furiously retaliates!
The minotaur headbutts you!
* * * LOW HITPOINT WARNING * * *
The minotaur is moderately wounded.
You block the minotaur's attack.
The minotaur gores you but does no damage.
You hit the minotaur.
You feel better.
You headbutt the minotaur, but do no damage.
The minotaur is moderately wounded.
You hit the minotaur but do no damage.
The minotaur is moderately wounded.
You hit the minotaur but do no damage.
The minotaur is moderately wounded.
The minotaur hits you with the cursed +0 great sword of the Purple Skies {slice, rPois}.
* * * LOW HITPOINT WARNING * * *
x2 The minotaur gores you but does no damage.
You feel very mighty all of a sudden.
The minotaur hits you with the cursed +0 great sword of the Purple Skies {slice, rPois}!
You die...

#...............
#...............
####.###.###.###
###.###.###.##
#.............#
#.###.###.###.#
#......((.....#
#######'#######
#@# #.H∩.#
+⌠...# #...⌠+
#.⌠..# ##+###


You could see a minotaur.

Vanquished Creatures
  Harold (D:9)
  A queen ant (Gauntlet)
  A fire crab (Gauntlet)
  A gargoyle (D:10)
  3 tyrant leeches (D:10)
  A troll (D:10)
  2 raiju (shapeshifter) (Gauntlet)
  A hippogriff (D:9)
  2 vampires (D:10)
  4 hogs (D:8)
  Grum (D:9)
  A human (D:8)
  4 fire bats (Gauntlet)
  A steam dragon (D:9)
  6 yaks (D:10)
  3 vampire mosquitoes (D:10)
  2 wargs (D:9)
  Edmund (D:4)
  5 soldier ants (Gauntlet)
  Duvessa (D:4)
  2 water moccasins
  2 orc warriors
  2 sky beasts
  A hornet zombie (D:3)
  4 ogres
  2 wolves (D:9)
  5 centaurs
  5 big kobolds
  6 bullfrogs
  2 wyvern zombies
  A gnoll sergeant (D:8)
  A water moccasin zombie (D:4)
  Dowan (D:4)
  3 scorpions
  2 water moccasin skeletons
  An electric eel (D:7)
  4 wights (D:8)
  A bullfrog zombie (D:9)
  4 crimson imps
  3 howler monkeys
  2 centaur zombies (D:5)
  A jelly (D:10)
  2 centaur skeletons
  3 hounds
  4 orc priests
  14 orc wizards
  A bullfrog skeleton (D:6)
  An iguana (D:6)
  6 worker ants
  2 hound skeletons
  A howler monkey skeleton (D:5)
  11 adders
  8 gnolls
  2 shadow imps
  3 adder skeletons
  An adder zombie (D:9)
  3 worms
  3 leopard geckos
  47 orcs
  9 bats
  6 giant cockroaches
  5 goblins
  6 hobgoblins
  14 jackals
  29 kobolds
  6 quokkas
  4 ball pythons
  6 frilled lizards
  A jackal skeleton (D:4)
  4 rats
299 creatures vanquished.

Vanquished Creatures (others)
  A wyvern (shapeshifter) (Gauntlet)
1 creature vanquished.

Grand Total: 300 creatures vanquished

Notes
Turn   | Place    | Note
-------+----------+-------------------------------------------
     0 | D:1      | DasRunzen the Minotaur Fighter began the quest for the Orb.
     0 | D:1      | Reached XP level 1. HP: 19/19 MP: 0/0
    11 | D:1      | You fall into a shaft and drop 1 floor!
    27 | D:2      | Reached XP level 2. HP: 18/27 MP: 1/1
   340 | D:1      | Reached XP level 3. HP: 33/33 MP: 2/2
  1649 | D:3      | Reached XP level 4. HP: 39/40 MP: 3/3
  1688 | D:3      | Reached XP level 5. HP: 25/47 MP: 4/4
  1764 | D:3      | Found an ornate altar of the Wu Jian Council.
  1894 | D:3      | Found a faded altar of an unknown god.
  2090 | D:3      | Found a blossoming altar of Fedhas.
  2212 | D:4      | Noticed Edmund
  2224 | D:4      | Killed Edmund
  2224 | D:4      | Reached skill level 5 in Fighting
  2224 | D:4      | Reached skill level 5 in Armour
  2224 | D:4      | Reached skill level 5 in Shields
  2224 | D:4      | Reached XP level 6. HP: 22/56 MP: 5/5
  2317 | D:4      | Noticed Duvessa
  2318 | D:4      | Noticed Dowan
  2417 | D:4      | Killed Duvessa
  2417 | D:4      | Reached skill level 1 in Maces & Flails
  2424 | D:4      | Killed Dowan
  2448 | D:4      | Reached XP level 7. HP: 42/61 MP: 6/6
  2500 | D:4      | Reached skill level 5 in Axes
  3090 | D:4      | Found a bloodstained altar of Trog.
  3175 | D:5      | Entered Level 5 of the Dungeon
  3249 | D:5      | Reached XP level 8. HP: 70/70 MP: 7/7
  3340 | D:5      | Found a sacrificial altar of Ru.
  3753 | D:6      | Found a glowing golden altar of the Shining One.
  3754 | D:6      | Found a shimmering blue altar of Sif Muna.
  3755 | D:6      | Found a glowing silver altar of Zin.
  3758 | D:6      | Found an iron altar of Okawaru.
  3759 | D:6      | Found a hide-covered altar of Uskayaw.
  3761 | D:6      | Found a stormy altar of Qazlal.
  3766 | D:6      | Became a worshipper of Warmaster Okawaru
  3900 | D:6      | Reached skill level 1 in Invocations
  4151 | D:6      | Found a staircase to the Ecumenical Temple.
  4387 | D:6      | Identified a scroll of acquirement
  4390 | D:6      | Got a brightly glowing buckler
  4401 | D:6      | Identified the +2 buckler of Indomitability {-Cast Dex+3}
                  | (You acquired it on level 6 of the Dungeon)
  4467 | D:6      | Reached XP level 9. HP: 41/79 MP: 9/9
  4650 | D:6      | Reached skill level 5 in Maces & Flails
  5067 | D:7      | Reached * piety under Okawaru
  5225 | D:7      | Found a snail-covered altar of Cheibriados.
  5510 | D:7      | Found a sacrificial altar of Ru.
  5512 | D:7      | Found a basalt altar of Yredelemnul.
  5733 | D:7      | Gained mutation: Your mind is acute. (Int +2) [potion of
                  | mutation]
  5733 | D:7      | Gained mutation: You are somewhat resistant to further
                  | mutation. [potion of mutation]
  5893 | D:8      | Found a hazy altar of Hepliaklqana.
  5986 | D:8      | Found a white marble altar of Elyvilon.
  6022 | D:8      | Reached ** piety under Okawaru
  6185 | D:8      | Reached *** piety under Okawaru
  6185 | D:8      | Reached XP level 10. HP: 62/90 MP: 11/11
  6392 | D:9      | Noticed Grum
  6399 | D:9      | Killed Grum
  6426 | D:9      | Noticed Harold
  6437 | D:9      | Killed Harold
  6507 | D:9      | Reached **** piety under Okawaru
  6583 | D:9      | Found a staircase to the Orcish Mines.
  7275 | D:10     | Entered Level 10 of the Dungeon
  7563 | D:10     | Noticed a gargoyle
  7568 | D:10     | Killed a gargoyle
  7568 | D:10     | Reached skill level 5 in Invocations
  7669 | D:10     | Reached XP level 11. HP: 91/97 MP: 13/13
  7709 | D:10     | Reached ***** piety under Okawaru
  7742 | D:10     | Found the +12 Vampire's Tooth {vamp}
  7752 | D:10     | Received a gift from Okawaru
  8147 | D:11     | Found a gate leading to a gauntlet.
  8180 | Gauntlet | Entered a Gauntlet
  8180 | Gauntlet | Found a transporter.
  8180 | Gauntlet | Found a transporter.
  8180 | Gauntlet | Found a transporter.
  8180 | Gauntlet | Noticed a queen ant
  8190 | Gauntlet | Found a transporter.
  8194 | Gauntlet | Found a transporter.
  8199 | Gauntlet | Found a runed translucent gate.
  8201 | Gauntlet | Found a transporter.
  8202 | Gauntlet | Found a runed translucent gate.
  8203 | Gauntlet | Found a runed translucent gate.
  8204 | Gauntlet | Found a transporter.
  8208 | Gauntlet | Found a runed translucent door.
  8209 | Gauntlet | Noticed a death drake
  8210 | Gauntlet | Found a runed translucent door.
  8212 | Gauntlet | Found a transporter.
  8230 | Gauntlet | Found a transporter.
  8235 | Gauntlet | Found a transporter.
  8235 | Gauntlet | Noticed a harpy
  8235 | Gauntlet | a tarantella changed into a harpy
  8238 | Gauntlet | Found a transporter.
  8239 | Gauntlet | Noticed a fire crab
  8248 | Gauntlet | Found a transporter.
  8324 | Gauntlet | Noticed a fire crab
  8324 | Gauntlet | a moth of wrath changed into a fire crab
  8394 | Gauntlet | Killed a queen ant
  8394 | Gauntlet | Reached skill level 1 in Short Blades
  8394 | Gauntlet | Reached skill level 10 in Armour
  8394 | Gauntlet | Reached skill level 10 in Shields
  8409 | Gauntlet | Reached skill level 10 in Fighting
  8467 | Gauntlet | Killed a fire crab
  8483 | Gauntlet | Noticed an orb spider
  8483 | Gauntlet | a soldier ant changed into an orb spider
  8487 | Gauntlet | Noticed a fire crab
  8487 | Gauntlet | an orb spider changed into a fire crab
  8497 | Gauntlet | a fire crab changed into a raiju
  8510 | Gauntlet | Got a pair of dazzling boots
  8521 | Gauntlet | Identified the +2 pair of boots "Atichadu" {MR+ Int+3} (You
                  | found it in a Gauntlet)
  8681 | Gauntlet | Identified the cursed +0 great sword of the Purple Skies
                  | {slice, rPois}
  8681 | Gauntlet | Noticed a minotaur
  8703 | Gauntlet | HP: 2/100 [minotaur's headbutt (14)]
  8707 | Gauntlet | Demolished by a minotaur

Levels and vault maps discovered:
D:1:      lemuel_arrival_funnel, layout_basic, chequers_big_river
D:2:      layout_basic
D:3:      layout_rooms, nicolae_overflow_crystal_walls,
          chequers_ecumenical_altar_simple, first_ration, grunt_decor_arrowhead,
          roderic_filled_cross, corner_web_ring, fedhas_altar_2
D:4:      layout_basic, lemuel_coloured_pillars_altar, uniq_edmund, uniq_duvessa
D:5:      layout_cave_pools, grunt_ministairs_13,
          nicolae_ru_great_annihilating_truth
D:6:      layout_cave_pods, grunt_temple_overflow_open, temple_statues
D:7:      layout_basic, lemuel_crystal_altar,
          chequers_temple_overflow_statue_of_worship, minivault_14
D:8:      layout_rooms, lemuel_doored_altar, elyvilon_altar_4, grunt_livestock,
          chequers_serial_rivers_room_b
D:9:      layout_loops_ring, erik_orc_4, minmay_misc_feat_five,
          hangedman_abyss_or_decor_passed, uniq_grum, uniq_harold
D:10:     layout_loops_corners, minmay_guarded_unrand_vampires_tooth
D:11:     layout_long_grid, erik_lair_dragon, serial_shops, shop,
          gauntlet_entry_generic, minmay_nine_imps
Gauntlet: minmay_gauntlet_mixed_big_or_small [nicolae_gauntlet_arena_x,
          minmay_gauntlet_arena_77_fan, nicolae_gauntlet_arena_flowing_pool,
          minmay_gauntlet_arena_77_run_for_it, gammafunk_gauntlet_arena_open,
          minmay_gauntlet_arena_77_cramped, gauntlet_exit_hidden_loot]

Skill      XL: |  1  2  3  4  5  6  7  8  9 10 11 |
---------------+----------------------------------+-----
Armour         | 4 5 6 7 8 9 10 | 10.4
Shields        | 4 5 6 7 8 9 10 | 10.4
Fighting       | 4 5 6 7 8 9 10 | 10.3
Axes           | 3 4 5 6 8 9 |  9.4
Maces & Flails | 1 3 4 6 7 8 |  8.2
Invocations    | 1 3 5 6 |  6.2
Short Blades   | 2 |  2.8

Action                   |  1- 3 |  4- 6 |  7- 9 | 10-12 || total
-------------------------+-------+-------+-------+-------++-------
Melee: War axe           |    87 |    33 |       |       ||   120
       Headbutt          |     8 |     5 |    53 |    79 ||   145
       Flail             |       |    22 |   262 |   203 ||   487
       Quick blade       |       |       |       |   139 ||   139
  Use: Scroll            |     4 |     1 |    13 |     5 ||    23
       Potion            |       |       |     1 |     1 ||     2
 Stab: Paralysed         |       |       |     1 |       ||     1
  Eat: Chunk             |     2 |     2 |    13 |     3 ||    20
       Ration            |       |       |       |     1 ||     1
Armor: Scale mail        |    60 |    21 |    82 |       ||   163
       Plate armour      |       |       |    28 |   154 ||   182
Dodge: Dodged            |    39 |    13 |    85 |    46 ||   183
Block: Shield            |    53 |    34 |    78 |       ||   165
       Buckler           |       |       |    33 |    97 ||   130

Table legend:
 A = Non-vault XP
 B = Vault XP
 C = Vault XP percentage of total XP
 D = Non-vault monster count
 E = Vault monster count
 F = Vault count percentage of total count
                 A         B        C        D         E       F
            +---------+---------+-------+---------+---------+-------
      Total |    8373 |    9288 |  52.6 |     243 |      57 |  19.0
            +---------+---------+-------+---------+---------+-------
        D:1 |      53 |       0 |   0.0 |      25 |       0 |   0.0
        D:2 |      39 |       0 |   0.0 |      15 |       0 |   0.0
        D:3 |     159 |       0 |   0.0 |      10 |       0 |   0.0
        D:4 |     501 |     385 |  43.5 |      27 |       3 |  10.0
        D:5 |     899 |     115 |  11.3 |      30 |       5 |  14.3
        D:6 |     800 |       0 |   0.0 |      25 |       0 |   0.0
        D:7 |     930 |       0 |   0.0 |      24 |       0 |   0.0
        D:8 |     962 |    1004 |  51.1 |      22 |       5 |  18.5
        D:9 |    1592 |    2008 |  55.8 |      41 |      22 |  34.9
       D:10 |    2282 |    1822 |  44.4 |      18 |       8 |  30.8
       D:11 |     156 |       0 |   0.0 |       6 |       0 |   0.0
   Gauntlet |       0 |    3954 | 100.0 |       0 |      14 | 100.0
            +---------+---------+-------+---------+---------+-------
